 Dungeon Crawl Stone Soup version 0.24.0-1-gfbc8707 (webtiles) character file.

Game seed: 6890497788721807385, levelgen mode: deterministic

14999 Datul the Zephyrmancer (level 12, 0/73 HPs)
             Began as a Tengu Air Elementalist on Oct 27, 2019.
             Was an Elder of Vehumet.
             Shot with an arrow by a centaur (6 damage)
             ... on level 11 of the Dungeon.
             The game lasted 01:36:11 (14862 turns).

Datul the Zephyrmancer (Tengu Air Elementalist)    Turns: 14862, Time: 01:36:12

Health: 0/73       AC:  5    Str: 11    XL:     12   Next: 22%
Magic:  3/24       EV: 12    Int: 19    God:    Vehumet [****..]
Gold:   691        SH:  0    Dex: 14    Spells: 5/25 levels left

rFire    . . .     SeeInvis .   o - staff of energy
rCold    . . .     Gourm    +   (no shield)
rNeg     . . .     Faith    .   v - +0 troll leather armour {Purgy}
rPois    +         Spirit   .   (helmet restricted)
rElec    .         Reflect  .   A - +0 cloak {rPois}
rCorr    +         Harm     .   (no gloves)
MR       .....                  (boots unavailable)
Stlth    ++........             e - amulet of the gourmand
HPRegen  0.62/turn              p - ring of resist corrosion
MPRegen  0.19/turn              N - ring of wizardry

@: lethally poisoned (0 -> 0)
A: beak, talons 3, able to fly
a: Fly, Renounce Religion


You were on level 11 of the Dungeon.
You worshipped Vehumet.
Vehumet was greatly pleased with you.
You were completely stuffed.

You visited 3 branches of the dungeon, and saw 13 of its levels.
You also visited: Sewer.

You collected 691 gold pieces.

Inventory:

Hand Weapons
 q - a +1 short sword
 y - a +0 short sword of freezing
 B - a +3 quarterstaff of chaos
 C - a cursed +3 short sword of freezing
Missiles
 m - 19 boomerangs
 G - a curare-tipped dart (quivered)
Armour
 a - a +0 robe
 v - a +0 troll leather armour (worn) {Purgy}
 z - a +2 shield
 A - a +0 cloak of poison resistance (worn)
 O - a +2 buckler
Magical Staves
 o - an uncursed staff of energy (weapon)
Jewellery
 e - an amulet of the gourmand (around neck)
 p - a ring of resist corrosion (left hand)
 u - an uncursed ring of positive energy
 M - a +1 ring of slaying
 N - a ring of wizardry (right hand)
Wands
 f - a wand of iceblast (15)
 x - a wand of flame (40)
 H - a wand of disintegration (7)
 I - a wand of digging (2)
 J - a wand of acid (8)
 K - a wand of paralysis (13)
Scrolls
 d - a scroll of fog
 i - 6 scrolls of enchant weapon
 j - 8 scrolls of remove curse
 n - a scroll of teleportation
 w - 3 scrolls of identify
 F - 2 scrolls of enchant armour {unknown}
Potions
 b - a potion of resistance
 g - a potion of berserk rage
 h - 6 potions of curing
 k - a potion of heal wounds
 l - a potion of magic
 r - 2 potions of flight
 t - 2 potions of brilliance
 D - a potion of might
 E - 2 potions of cancellation
 L - a potion of agility
Comestibles
 c - 22 rations


   Skills:
 - Level 8.0 Fighting
 - Level 2.1 Dodging
 - Level 2.0 Stealth
 + Level 5.0 Shields
 - Level 7.4 Spellcasting
 - Level 10.2 Conjurations
 - Level 10.9 Air Magic
 - Level 10.4 Evocations


You had 5 spell levels left.
You knew the following spells:

 Your Spells              Type           Power        Failure   Level  Hunger
a - Shock                 Conj/Air       ####         1%          1    None
b - Airstrike             Air            #####.....   1%          4    None
c - Lightning Bolt        Conj/Air       #####.....   1%          5    None
d - Swiftness             Chrm/Air       ####....     1%          2    None
e - Static Discharge      Conj/Air       #####...     1%          3    None
f - Iskenderun's Battles  Conj/Chrm      ####....     4%          5    None

Your spell library contained the following spells:

 Spells                   Type           Power        Failure   Level  Hunger
 Beastly Appendage        Tmut           #.....       5%          1    None
 Sticks to Snakes         Tmut           #.......     8%          2    None
 Spider Form              Tmut/Pois      #.........   16%         3    None
 Ice Form                 Ice/Tmut       #.......     43%         4    None
 Blade Hands              Tmut           #.........   77%         5    None


Dungeon Overview and Level Annotations

Branches:
Dungeon (11/15)            Temple (1/1) D:6            Lair (1/6) D:8
    Orc (0/2) D:10          Sewer (visited)

Altars:
Ashenzari
Cheibriados
Dithmenos
Elyvilon
Fedhas
Gozag
Hepliaklqana
Kikubaaqudgha
Makhleb
Nemelex Xobeh
Okawaru
Qazlal
Ru
Sif Muna
Trog
Uskayaw
Vehumet
Wu Jian
Xom
Yredelemnul
Zin
The Shining One

Annotations:
D:3 3 runed translucent doors, Dracunculus's ghost, amateur GnAM


Innate Abilities, Weirdness & Mutations

You have a beak for a mouth.
You have claws for feet.
You can fly continuously.


Message History

A yak comes into view. x3
Unknown command.
Evoke which item? (* to show all) (? for menu, Esc to quit)
Aiming: Dig
Press: ? - help, Shift-Dir - straight line, f - you Please select a direction to dig.
The rock shatters into small pieces.
The yak barely misses you.
You feel sick.
You feel sick.
The centaur shoots an arrow.
The arrow completely misses you.
The arrow completely misses the yak.
The centaur shoots an arrow.
The arrow hits you!
* * * LOW HITPOINT WARNING * * *
You see here an arrow.
The centaur shoots an arrow.
The arrow hits you!
* * * LOW HITPOINT WARNING * * *
The centaur shoots an arrow.
The arrow barely misses you.
You see here an arrow.
You feel sick.
The centaur shoots an arrow.
The arrow hits you.
You die...

##.# ##.######## ##.........#
##..........#
#######.#...(.....#########
#.....Y##...Y........##...##
#......##...(.(............##
#............YY(.....[...(..### #
#......##..>....@.............###
#......##...................#...(
#......##.............รท....######
#########..........c..#...## #
####..#######.##### #
........##.......[.#
........##.........#
........##.........#
........##.........###


You could see 3 yaks and a centaur.

Vanquished Creatures
  Josephine (D:11)
  A hydra (Lair:1)
  A centaur warrior (D:10)
  A two-headed ogre (D:10)
  2 unseen horrors (D:10)
  A cyclops (D:11)
  3 oklob plants (D:11)
  A manticore (D:10)
  A black mamba (Lair:1)
  A komodo dragon (Lair:1)
  A hornet (D:10)
  A hippogriff (D:11)
  Prince Ribbit (D:9)
  A wraith (D:11)
  A shadow (D:11)
  6 yaks
  A human (D:7)
  3 hogs (D:7)
  A hungry ghost (D:6)
  A floating eye (D:11)
  3 porcupines
  2 water moccasins
  5 orc warriors
  4 black bears
  Purgy (Sewer)
  3 ice beasts
  3 sky beasts
  2 ogres
  A phantom (D:7)
  6 centaurs
  3 crocodiles
  A big kobold (D:10)
  4 bullfrogs
  4 scorpions
  9 killer bees
  5 wights
  3 howler monkeys
  2 jellies
  4 crimson imps
  3 bullfrog skeletons
  2 bullfrog zombies
  14 orc priests
  3 hounds
  2 centaur skeletons (D:4)
  Crazy Yiuf (D:6)
  2 hell rats (Lair:1)
  An iguana (D:5)
  15 orc wizards
  9 worker ants
  2 hound skeletons
  13 adders
  4 gnolls (D:4)
  2 river rats (Lair:1)
  3 shadow imps
  2 oozes
  An adder skeleton (D:4)
  2 adder zombies
  4 worms
  5 dart slugs
  4 leopard geckos
  38 orcs
  9 giant cockroaches
  5 goblins
  6 hobgoblins
  23 jackals
  7 quokkas
  3 ball pythons
  5 bats
  8 frilled lizards
  A jackal skeleton (D:8)
  6 kobolds
  A leopard gecko zombie (D:7)
  12 rats
313 creatures vanquished.

Vanquished Creatures (others)
  4 fungi (D:8)
4 creatures vanquished.

Grand Total: 317 creatures vanquished

Notes
Turn   | Place    | Note
-------+----------+-------------------------------------------
     0 | D:1      | Datul the Tengu Air Elementalist began the quest for the
                  | Orb.
     0 | D:1      | Reached XP level 1. HP: 10/10 MP: 4/4
   280 | D:1      | Reached XP level 2. HP: 11/15 MP: 1/6
   997 | D:1      | Reached XP level 3. HP: 18/19 MP: 4/7
  1872 | D:2      | Reached XP level 4. HP: 18/24 MP: 2/9
  2115 | D:2      | Found a sparkling altar of Nemelex Xobeh.
  2136 | D:2      | Reached skill level 5 in Air Magic
  2365 | D:2      | Found a sacrificial altar of Ru.
  2737 | D:3      | Gained mutation: You can fly continuously. [Tengu growth]
  2737 | D:3      | Reached XP level 5. HP: 28/28 MP: 2/10
  3037 | D:3      | Found a runed translucent gate.
  3037 | D:3      | Found a runed translucent gate.
  3039 | D:3      | Found a runed translucent gate.
  3043 | D:3      | Noticed Dracunculus's ghost (amateur GnAM)
  3152 | D:3      | Learned a level 4 spell: Airstrike
  3158 | D:3      | Learned a level 5 spell: Lightning Bolt
  3433 | D:3      | Found a snail-covered altar of Cheibriados.
  3506 | D:4      | Noticed a centaur
  3642 | D:4      | Reached XP level 6. HP: 21/32 MP: 3/12
  4135 | D:4      | Reached skill level 5 in Conjurations
  4191 | D:4      | Reached XP level 7. HP: 3/36 MP: 7/14
  5149 | D:5      | Entered Level 5 of the Dungeon
  5509 | D:5      | Found an ornate altar of the Wu Jian Council.
  5511 | D:5      | Found a shimmering altar of Xom.
  5521 | D:5      | Found a burning altar of Makhleb.
  5634 | D:5      | Reached XP level 8. HP: 41/41 MP: 6/16
  5647 | D:5      | Found a glowing drain.
  5661 | D:5      | Reached skill level 5 in Spellcasting
  5714 | Sewer    | Entered a sewer
  5818 | Sewer    | Noticed Purgy
  5833 | Sewer    | Killed Purgy
  6200 | D:5      | Learned a level 2 spell: Swiftness
  6680 | D:6      | Found a staircase to the Ecumenical Temple.
  6692 | Temple   | Entered the Ecumenical Temple
  6910 | Temple   | Became a worshipper of Vehumet
  7145 | D:6      | Found a runed translucent door.
  7146 | D:6      | Noticed Crazy Yiuf
  7793 | D:6      | Killed Crazy Yiuf
  8024 | D:6      | Reached XP level 9. HP: 35/45 MP: 6/19
  8159 | D:7      | Reached * piety under Vehumet
  8159 | D:7      | Offered knowledge of Flame Tongue by Vehumet.
  8594 | D:7      | Learned a level 3 spell: Static Discharge
  8597 | D:7      | Reached skill level 10 in Air Magic
  8890 | D:7      | Reached skill level 10 in Conjurations
  8973 | D:7      | Found a hazy altar of Hepliaklqana.
  9295 | D:8      | Reached skill level 1 in Evocations
  9295 | D:8      | Reached XP level 10. HP: 50/50 MP: 0/22
  9598 | D:8      | Offered knowledge of Magic Dart by Vehumet.
  9611 | D:7      | Reached ** piety under Vehumet
 10038 | D:8      | Reached skill level 5 in Evocations
 10133 | D:8      | Found a staircase to the Lair.
 10563 | D:8      | Found a shattered altar of Ashenzari.
 10588 | D:8      | Found a blossoming altar of Fedhas.
 11764 | D:9      | Noticed Prince Ribbit
 11767 | D:9      | Killed Prince Ribbit
 12142 | Lair:1   | Entered Level 1 of the Lair of Beasts
 12142 | Lair:1   | Noticed a black mamba
 12146 | Lair:1   | Killed a black mamba
 12302 | D:10     | Entered Level 10 of the Dungeon
 12302 | D:10     | Noticed a manticore
 12306 | D:10     | Killed a manticore
 12306 | D:10     | Reached XP level 11. HP: 54/54 MP: 10/23
 12368 | D:10     | Offered knowledge of Ignite Poison by Vehumet.
 12369 | D:10     | Noticed a two-headed ogre
 12374 | D:10     | Killed an unseen horror
 12374 | D:10     | Reached skill level 10 in Evocations
 12375 | D:10     | Killed a two-headed ogre
 12637 | D:10     | Reached skill level 1 in Fighting
 12768 | D:10     | Killed an unseen horror
 12901 | D:10     | Reached *** piety under Vehumet
 13019 | D:10     | Noticed a centaur warrior
 13101 | D:10     | Killed a centaur warrior
 13352 | D:10     | Reached skill level 5 in Fighting
 13436 | D:10     | Offered knowledge of Sticky Flame by Vehumet.
 13546 | D:10     | Found a staircase to the Orcish Mines.
 13993 | Lair:1   | Noticed a seven-headed hydra
 14005 | Lair:1   | Killed a seven-headed hydra
 14206 | D:11     | Noticed a cyclops
 14207 | D:11     | Noticed Josephine
 14283 | D:11     | Noticed an oklob plant
 14316 | D:11     | Killed an oklob plant
 14354 | D:11     | Reached **** piety under Vehumet
 14383 | D:11     | Noticed an oklob plant
 14383 | D:11     | Noticed an oklob plant
 14419 | D:11     | Killed an oklob plant
 14484 | D:11     | Killed an oklob plant
 14484 | D:11     | Reached XP level 12. HP: 73/73 MP: 8/24
 14657 | D:11     | Offered knowledge of Iskenderun's Battlesphere by Vehumet.
 14788 | D:11     | Learned a level 5 spell: Iskenderun's Battlesphere
 14850 | D:11     | Killed Josephine
 14850 | D:11     | Reached skill level 5 in Shields
 14862 | D:11     | Shot with an arrow by a centaur

Levels and vault maps discovered:
D:1:      dpeg_arrival_rooms_c, layout_loops_ring, kennysheep_decorative_pillar,
          minivault_4, minmay_pentomino_p2
D:2:      layout_loops_corners, nemelex_xobeh_ov_fountains_minmay,
          nicolae_ru_the_path_less_chosen
D:3:      layout_basic, cheibriados_altar_1, first_ration,
          gammafunk_ghost_necromancy
D:4:      layout_cave_pools, minmay_misc_feat_plants
D:5:      layout_rooms, grunt_temple_overflow_diamond, gup_sewer_entry_glass,
          minmay_misc_feat_nine_boxes
D:6:      layout_loops_ring, minmay_temple_entry_stoned_glass,
          kennysheep_generic_room_12, uniq_crazy_yiuf_cottage
D:7:      layout_cave_pools, nicolae_overflow_hidden_temple, grunt_livestock,
          minmay_misc_feat_diagonals
D:8:      layout_cave_pools, kennysheep_little_box, lemuel_doored_altar,
          due_lair_maze_entry_diamond
D:9:      layout_stronghold, uniq_prince_ribbit1
D:10:     layout_stronghold, david_orc_4
D:11:     layout_rooms, disabler_island, uniq_josephine
Temple:   oiseaux_autumnal_temple
Lair:1:   lemuel_ratsnest, layout_gridlike, beast_lair_carwin_9

Skill      XL: |  1  2  3  4  5  6  7  8  9 10 11 12 |
---------------+-------------------------------------+-----
Conjurations   | 2 3 4 5 6 8 10 | 10.2
Air Magic      | 5 6 7 9 10 | 10.9
Spellcasting   | 3 4 6 7 |  7.4
Evocations     | 1 9 10 | 10.4
Fighting       | 8 |  8.0
Shields        | 2 5 |  5.0
Dodging        | |  2.1
Stealth        | |  2.0

Action                   |  1- 3 |  4- 6 |  7- 9 | 10-12 || total
-------------------------+-------+-------+-------+-------++-------
Melee: Short sword       |       |    12 |     5 |       ||    17
       Peck              |       |     2 |     1 |     2 ||     5
       Kick              |       |     2 |     1 |     3 ||     6
       Staff             |       |       |     4 |     7 ||    11
Throw: Dart              |       |       |       |     1 ||     1
 Cast: Shock             |    90 |   118 |   204 |    68 ||   480
       Airstrike         |       |       |    44 |   149 ||   193
       Lightning Bolt    |       |       |     7 |    63 ||    70
       Swiftness         |       |       |       |     2 ||     2
       Static Discharge  |       |       |       |     2 ||     2
       Iskenderun's Batt |       |       |       |     3 ||     3
Evoke: Staff of energy   |       |       |     1 |   236 ||   237
       Wand              |       |       |       |     5 ||     5
  Use: Scroll            |       |     8 |    11 |     5 ||    24
       Potion            |       |       |     2 |     3 ||     5
  Eat: Chunk             |    15 |     4 |    26 |    29 ||    74
Armor: Robe              |     3 |    11 |     3 |       ||    17
       Skin              |       |       |     8 |     3 ||    11
       Troll leather arm |       |       |    15 |    30 ||    45
Dodge: Dodged            |    14 |    24 |    61 |    73 ||   172
